 Dungeon Crawl Stone Soup version 0.19.1 (webtiles) character file.

130 graki42 the Magician (level 4, -5/24 HPs)
             Began as a Deep Elf Fire Elementalist on Dec 25, 2016.
             Slain by a centaur (9 damage)
             ... on level 3 of the Dungeon.
             The game lasted 00:06:41 (2473 turns).

graki42 the Magician (Deep Elf Fire Elementalist)   Turns: 2473, Time: 00:06:42

Health: -5/24      AC:  2    Str:  6    XL:     4   Next: 89%
Magic:  10/12      EV: 13    Int: 20    God:
Gold:   103        SH:  0    Dex: 15    Spells: 3 memorised, 5 levels left

rFire  . . .     SeeInvis .     (no weapon)
rCold  . . .     Gourm    .     a - +0 robe
rNeg   . . .     Faith    .     (no shield)
rPois  .         Spirit   .     (no helmet)
rElec  .         Reflect  .     (no cloak)
rCorr  .         Harm     .     (no gloves)
MR     .....                    (no boots)
Stlth  ++........               g - amulet of magic regeneration
                                (no ring)
                                (no ring)

@: no status effects
A: no striking features
a: no special abilities


You were on level 3 of the Dungeon.
You were hungry.

You visited 1 branch of the dungeon, and saw 3 of its levels.

You collected 103 gold pieces.

Inventory:

Armour
 a - a +0 robe (worn)
Jewellery
 g - an amulet of magic regeneration (around neck)
Wands
 l - a wand of lightning (11/15)
 q - a wand of polymorph (2/24)
Scrolls
 d - a scroll of fear {unknown}
 h - a scroll of amnesia {unknown}
 i - a scroll of teleportation {unknown}
 j - a scroll of immolation {unknown}
 n - a scroll of blinking {unknown}
 r - 2 scrolls of identify {unknown}
 s - a scroll of enchant weapon {unknown}
 t - a scroll of remove curse {unknown}
Potions
 e - 2 potions of magic {unknown}
 k - a potion of brilliance {unknown}
 m - a potion of heal wounds
 o - a potion of lignification {unknown}
 p - a potion of invisibility {unknown}
Books
 b - a book of Flames

   Spells                             Type                      Level
   a - Flame Tongue                   Conjuration/Fire             1
   b - Throw Flame                    Conjuration/Fire             2
   c - Conjure Flame                  Conjuration/Fire             3
   d - Inner Flame                    Hexes/Fire                   3
   e - Sticky Flame                   Conjuration/Fire             4
   f - Fireball                       Conjuration/Fire             5
Comestibles
 c - 4 bread rations
 f - a beef jerky
 u - a chunk of flesh


   Skills:
 + Level 2.8 Dodging
 + Level 2.9 Stealth
 + Level 4.8 Spellcasting
 + Level 2.1 Conjurations
 + Level 4.3 Fire Magic


You had 5 spell levels left.
You knew the following spells:

 Your Spells              Type           Power        Failure   Level  Hunger
a - Flame Tongue          Conj/Fire      ###..        2%          1    None
b - Conjure Flame         Conj/Fire      ###.....     10%         3    ##.....
c - Inner Flame           Hex/Fire       ##......     17%         3    ##.....


Dungeon Overview and Level Annotations

Branches:
Dungeon (3/15)

Altars:
Dithmenos
Okawaru
Uskayaw


Message History

* * * LOW HITPOINT WARNING * * *
The centaur unwields an uncursed shortbow.
The centaur hits you.
* * * LOW HITPOINT WARNING * * *
Casting: Flame Tongue
Confirm with . or Enter, or press ? or * to list all spells.
Aiming: Flame Tongue
Press: ? - help, Shift-Dir - straight line, f/p - centaur
Aim: a centaur (moderately wounded)
The flame tongue hits the centaur.
The centaur is heavily wounded.
The centaur drinks a potion.
The centaur is healed!
Casting: Flame Tongue
Confirm with . or Enter, or press ? or * to list all spells.
Aiming: Flame Tongue
Press: ? - help, Shift-Dir - straight line, f/p - centaur
Aim: a centaur The flame tongue hits the centaur.
The centaur appears unharmed.
The centaur completely misses you. The centaur hits you!
You die...

#... ############# #.##
#.....#....<# #####...
#.###.#.##### ####....... #.#
#.#.######## #..........
#.###.#...#....# ###..........
#............#.# #............
#######.##.....#.# #............
#.....#.......(@.# #.....######.
#.# #.#..#.##'##c# ###...#######
#.# #.#..(..#.##.#####...'......
##.###.##.####.##.........###....
..............................>..
#######........########..........
#######........# ###........
..[............# ###........
.#####.........########..........


You could see a centaur.

Vanquished Creatures
  A howler monkey (D:3)
  3 adders
  An ooze (D:2)
  2 dart slugs (D:2)
  2 leopard geckos
  3 giant cockroaches
  9 goblins
  9 hobgoblins
  6 kobolds
  A quokka (D:3)
  2 ball pythons
  2 bats
  5 frilled lizards
  12 rats
58 creatures vanquished.

Notes
Turn   | Place    | Note
-------+----------+-------------------------------------------
     0 | D:1      | graki42 the Deep Elf Fire Elementalist began the quest for the Orb.
     0 | D:1      | Reached XP level 1. HP: 10/10 MP: 6/6
     1 | D:1      | Noticed an electric eel
   181 | D:1      | Reached XP level 2. HP: 15/15 MP: 0/8
   763 | D:2      | Found a shadowy altar of Dithmenos.
   883 | D:2      | Reached XP level 3. HP: 16/19 MP: 7/10
  1255 | D:2      | Learned a level 3 spell: Conjure Flame
  1259 | D:2      | Learned a level 3 spell: Inner Flame
  1943 | D:3      | Reached XP level 4. HP: 24/24 MP: 9/12
  1996 | D:3      | Noticed a centaur
  2137 | D:3      | Found a hide-covered altar of Uskayaw.
  2137 | D:3      | Found an iron altar of Okawaru.
  2473 | D:3      | Slain by a centaur

Skill      XL: |  1  2  3  4 |
---------------+-------------+-----
Spellcasting   | 4 |  4.8
Fire Magic     | 4 |  4.3
Conjurations   | 2 |  2.1
Dodging        | |  2.8
Stealth        | |  2.9

Action                   |  1- 3 |  4- 6 || total
-------------------------+-------+-------++-------
Melee: Unarmed           |       |     1 ||     1
 Cast: Flame Tongue      |    68 |    31 ||    99
  Eat: Chunk             |     3 |     1 ||     4
Armor: Robe              |     2 |     2 ||     4
Dodge: Dodged            |     8 |     6 ||    14
